 Dungeon Crawl Stone Soup version 0.29.1 (webtiles) character file.

Game seed: 16253211443051774403

48265 Gabide the Unseen (level 14, -2/139 HPs)
             Began as a Naga Monk on Sept 12, 2022.
             Slain by a reaper
             ... wielding a +3 scythe of freezing
              (25 damage)
             ... in an ice cave on Sept 13, 2022.
             The game lasted 00:46:20 (12663 turns).

Gabide the Unseen (Naga Monk)                      Turns: 12663, Time: 00:46:20

Health: -2/139     AC: 19    Str: 19    XL:     14   Next: 45%
Magic:  14/14      EV: 19    Int: 10    God:
Gold:   26         SH:  7    Dex: 27    Spells: 13/13 levels left

rFire   . . .      SeeInvis +   a - +2 dagger (elec)
rCold   + . .      Faith    .   l - +1 buckler "Tiesh" {rElec Regen+}
rNeg    + . .      Spirit   .   L - +2 robe {rC+}
rPois   +          Reflect  .   A - +2 helmet
rElec   +          Harm     .   i - +0 cloak
rCorr   .          Rampage  .   z - +2 pair of gloves
Will    +++..      Clarity  +   (no barding)
Stlth   ++++++++..              o - amulet of the Four Winds {rN+ Will+++ Clar}
HPRegen 1.13/turn               F - ring of the Hart {rPois Will- Str+6 Dex+7}
MPRegen 0.14/turn               x - +4 ring of protection

@: mighty, very slow
A: AC +4, large, see invisible, deformed body, poison resistance, slowness 2,
spit poison 1, naga tail 2
a: Spit Poison


You were in an ice cave.
You visited 2 branches of the dungeon, and saw 13 of its levels.
You also visited: Bailey and Ice Cave.

You collected 859 gold pieces.
You spent 833 gold pieces at shops.

Inventory:

Hand Weapons
 a - a +2 dagger of electrocution (weapon)
 b - a +0 sling
 r - a +5 great sword
 D - a +3 scimitar of flaming
 H - a +2 dagger of venom
Missiles
 p - 42 poisoned darts
 w - a curare-tipped dart
Armour
 e - a +3 leather armour of fire resistance
 i - a +0 cloak (worn)
 l - the +1 buckler "Tiesh" (worn) {rElec Regen+}
   (You found it on level 2 of the Dungeon)

   rElec:     It insulates you from electricity.
   Regen:     It increases your rate of health regeneration.
 n - +0 steam dragon scales
 z - a +2 pair of gloves (worn)
 A - a +2 helmet (worn)
 K - a +2 buckler of cold resistance
 L - a +2 robe of cold resistance (worn)
Jewellery
 k - a ring of protection from cold
 m - a ring of protection from fire
 o - the amulet of the Four Winds (around neck) {rN+ Will+++ Clar}
   (You bought it in a shop on level 4 of the Dungeon)

   [amulet of nothing]

   rN:        It protects you from negative energy.
   Clar:      It protects you against confusion.
   Will:      It greatly increases your willpower.
 x - a +4 ring of protection (right hand)
 F - the ring of the Hart (left hand) {rPois Will- Str+6 Dex+7}
   (You found it on level 6 of the Dungeon)

   [ring of strength]

   Str:       It affects your strength (+6).
   Dex:       It affects your dexterity (+7).
   rPois:     It protects you from poison.
   Will:      It decreases your willpower.
 M - an amulet of reflection
 P - a ring of ice
Wands
 v - a wand of charming (5)
 B - a wand of mindburst (4)
 E - a wand of iceblast (3)
 I - a wand of flame (30)
 O - a wand of polymorph (4)
Scrolls
 c - 2 scrolls of vulnerability
 f - a scroll of poison
 h - a scroll of magic mapping
 q - a scroll of blinking
 y - 2 scrolls of butterflies
 C - 3 scrolls of brand weapon
 G - a scroll of immolation
Potions
 d - 9 potions of curing
 j - 4 potions of brilliance
 s - 4 potions of flight
 u - 2 potions of lignification
 J - a potion of invisibility
 N - a potion of ambrosia


   Skills:
 * Level 12.4 Fighting
 * Level 12.3 Short Blades
 - Level 2.0 Armour
 * Level 10.5 Dodging
 * Level 18.1 Stealth
 - Level 2.0 Shields


You had 13 spell levels left.
You didn't know any spells.
Your spell library contained the following spells:

 Spells                   Type           Power      Damage    Failure   Level
 Apportation              Tloc           0%         N/A       43%         1
 Beastly Appendage        Tmut           0%         N/A       43%         1
 Sting                    Tmut/Pois      0%         1d3       43%         1
 Blink                    Tloc           0%         N/A       56%         2
 Poisonous Vapours        Pois/Air       0%         N/A       56%         2
 Wereblood                Tmut           0%         N/A       56%         2
 Dazzling Flash           Conj/Hex       0%         N/A       80%         3
 Spider Form              Tmut/Pois      0%         N/A       80%         3
 Tukima's Dance           Hex            0%         N/A       80%         3
 Iskenderun's Mystic Bla  Conj/Tloc      0%         2d3       99%         4
 Olgreb's Toxic Radiance  Pois           0%         N/A       99%         4
 Passage of Golubria      Tloc           0%         N/A       99%         4
 Summon Lightning Spire   Summ/Air       0%         N/A       99%         4
 Yara's Violent Unravell  Hex/Tmut       0%         3d3       100%        5
 Starburst                Conj/Fire      0%         6d3       100%        6
 Storm Form               Tmut/Air       0%         N/A       100%        7
 Maxwell's Capacitive Co  Air            0%         ∞         100%        8


Dungeon Overview and Level Annotations

Branches:
Dungeon (10/15)            Temple (0/1) D:6            Lair (3/5) D:10
  Swamp (0/4) Lair:2       Spider (0/4) Lair:3          Orc (0/2) D:10
 Bailey (visited)           IceCv (1/1)

Altars:
Hepliaklqana
Vehumet
Wu Jian

Shops:
D:2 [   D:4 =   D:5 [   D:10 [(

Annotations:
D:6 4 runed translucent doors


Innate Abilities, Weirdness & Mutations

Your serpentine skin is tough. (AC +4)
You have supernaturally acute eyesight. (SInv)
Armour fits poorly on your strangely shaped body.
Your system is resistant to poisons. (rPois)
You cover ground very slowly.
You can spit poison.
You can use your snake-like lower body to constrict enemies.


Message History

You are too injured to fight recklessly!
You are too injured to fight recklessly!
You are too injured to fight recklessly!
Unknown command.
Unknown command.
Okay, then.
Unknown command.
Okay, then.
Unknown command.
Okay, then.
Press: ? - help, v - describe, . - travel
Here: a reaper, wielding a +3 scythe of freezing (moderately wounded, constricted by you)
The floor.
You feel much better.
You constrict the reaper.
The reaper hits you with a +3 scythe of freezing!!
The reaper freezes you.
You feel very mighty all of a sudden.
You constrict the reaper.
The reaper hits you with a +3 scythe of freezing!!
* * * LOW HITPOINT WARNING * * *
The reaper freezes you.
* * * LOW HITPOINT WARNING * * *
Okay, then.
Okay, then.
Unknown command.
Okay, then.
Okay, then.
Unknown command.
Unknown command.
Okay, then.
Unknown command.
Unknown command.
You hit the reaper but do no damage. Lightning courses through the reaper!
The reaper is severely wounded.
You constrict the reaper. You hit the reaper but do no damage.
Lightning courses through the reaper!
The reaper is almost dead.
You constrict the reaper, but do no damage.
The reaper hits you with a +3 scythe of freezing!!
You die...

#.####.####.##
##..#
#..##...#
#..###..##
##.##...#
##..#...#
#.....[#
#.....##
##..#.##
##..⌠.#
#####.##
##...# ##Z##.#
#..## #Z2#.##
#.####
#..ZZ..#@##
##.#.##
)$#..Z.#.#
##.#.#
#Z..#### ##.##
##Z# ### ##


You could see a reaper, a three-headed hydra simulacrum and a harpy simulacrum.

Vanquished Creatures
  An orc warlord (Bailey)
  Fannar (D:10)
  Erica (D:10)
  2 two-headed ogres
  Nergalle (Lair:1)
  3 orc knights
  A cyclops (D:8)
  9 elephants
  An ice statue (IceCv)
  4 cane toads
  Maggie (D:10)
  2 komodo dragons (Lair:2)
  An unseen horror (D:10)
  A troll (D:7)
  A hornet (D:7)
  A slime creature (D:8)
  A wyvern (D:8)
  A dire elephant simulacrum (IceCv)
  2 shadows
  30 yaks
  Eustachio (D:5)
  3 wraiths
  3 steam dragons
  3 basilisks
  A death yak simulacrum (IceCv)
  4 vampire mosquitoes (D:8)
  13 water moccasins
  2 hydra simulacra (IceCv)
  Duvessa (D:6)
  15 orc warriors
  An ice beast (D:6)
  2 sky beasts (D:8)
  2 black bears (D:6)
  7 centaurs
  2 phantoms (D:6)
  Blork the orc (D:5)
  6 kobold brigands
  7 bullfrogs
  7 scorpions
  2 necrophages
  3 two-headed ogre simulacra (IceCv)
  13 wights
  Dowan (D:6)
  16 killer bees
  2 howler monkeys
  2 electric eels (Lair:2)
  4 hounds
  3 jellies
  5 orc priests
  Crazy Yiuf (D:4)
  6 iguanas
  10 orc wizards
  4 troll simulacra (IceCv)
  3 polar bear simulacra (IceCv)
  3 spriggan simulacra (IceCv)
  2 wolf simulacra (IceCv)
  11 gnolls
  8 adders
  6 naga simulacra (IceCv)
  11 white imps
  6 ufetubi
  A dart slug (D:1)
  39 orcs
  4 bats
  9 endoplasms
  3 giant cockroaches (D:1)
  14 goblins
  17 hobgoblins
  3 jackals (D:3)
  28 kobolds
  3 quokkas
  8 ball pythons
  5 frilled lizards
  5 rats
  A bush (D:9)
408 creatures vanquished.

Vanquished Creatures (collateral kills)
  A goblin (Bailey)
  2 hobgoblins (Bailey)
3 creatures vanquished.

Vanquished Creatures (others)
  An orc wizard (D:9)
  A kobold (D:7)
  12 fungi
  18 plants
32 creatures vanquished.

Grand Total: 443 creatures vanquished

Notes
Turn   | Place    | Note
-------+----------+-------------------------------------------
     0 | D:1      | Gabide the Naga Monk began the quest for the Orb.
     0 | D:1      | Reached XP level 1. HP: 21/21 MP: 1/1
   122 | D:1      | Reached XP level 2. HP: 7/28 MP: 2/2
   900 | D:1      | Reached XP level 3. HP: 34/34 MP: 3/3
  1086 | D:1      | Found a faded altar of an unknown god.
  1137 | D:2      | Found a radiant altar of Vehumet.
  1350 | D:2      | Found Cesuici's Armour Shoppe.
  1552 | D:2      | Identified the +1 buckler "Tiesh" {rElec Regen+}
  1741 | D:2      | Reached skill level 4 in Stealth
  1741 | D:2      | Reached XP level 4. HP: 42/42 MP: 4/4
  2217 | D:2      | Reached XP level 5. HP: 30/50 MP: 5/5
  2694 | D:3      | Found a hazy altar of Hepliaklqana.
  2965 | D:4      | Found Wimiuj's Jewellery Shoppe.
  3012 | D:4      | Reached skill level 5 in Stealth
  3012 | D:4      | Reached XP level 6. HP: 57/57 MP: 6/6
  3105 | D:4      | Found a runed translucent door.
  3106 | D:4      | Noticed Crazy Yiuf
  3212 | D:4      | Killed Crazy Yiuf
  3213 | D:4      | Reached skill level 1 in Shields
  3260 | D:5      | Entered Level 5 of the Dungeon
  3260 | D:5      | Noticed a steam dragon
  3267 | D:5      | Killed a steam dragon
  3283 | D:4      | Reached XP level 7. HP: 52/66 MP: 7/7
  3305 | D:4      | Reached skill level 6 in Stealth
  3454 | D:5      | Noticed Eustachio
  3464 | D:5      | Killed Eustachio
  3471 | D:5      | Reached skill level 5 in Fighting
  3722 | D:5      | Found Les Juca's Antique Armour Emporium.
  3727 | D:5      | Bought a pair of gloves for 112 gold pieces
  3835 | D:2      | Bought a +0 helmet for 54 gold pieces
  3963 | D:5      | Reached skill level 5 in Short Blades
  3976 | D:5      | Noticed Blork the orc
  3978 | D:5      | Reached skill level 7 in Stealth
  3995 | D:5      | Killed Blork the orc
  3996 | D:5      | Reached XP level 8. HP: 62/74 MP: 8/8
  4322 | D:6      | Upgraded the game from 0.29.0-15-g675c0067aa to 0.29.1
  4339 | D:6      | Reached skill level 8 in Stealth
  4395 | D:6      | Found a large runed translucent door.
  4395 | D:6      | Noticed a boulder beetle
  4396 | D:6      | Found a large runed translucent door.
  4400 | D:6      | Found a large runed translucent door.
  4400 | D:6      | Found a large runed translucent door.
  4630 | D:6      | Reached skill level 5 in Dodging
  4643 | D:6      | Found a staircase to the Ecumenical Temple.
  4729 | D:6      | Noticed Dowan
  4733 | D:6      | Noticed Duvessa
  4741 | D:6      | Killed Duvessa
  4742 | D:6      | Reached XP level 9. HP: 76/82 MP: 9/9
  4753 | D:6      | Killed Dowan
  4754 | D:6      | Reached skill level 9 in Stealth
  5195 | D:6      | Noticed a two-headed ogre
  5211 | D:6      | Killed a two-headed ogre
  5212 | D:6      | Reached skill level 10 in Stealth
  5252 | D:6      | Got Sif Muna's Anthology of Peregrination
  5356 | D:6      | Identified the ring of the Hart {rPois Will- Str+6 Dex+7}
  5530 | D:7      | Reached XP level 10. HP: 66/91 MP: 10/10
  5571 | D:7      | Reached skill level 11 in Stealth
  5870 | D:7      | Reached skill level 1 in Armour
  6307 | D:8      | Noticed a cyclops
  6335 | D:8      | Killed a cyclops
  6556 | D:8      | Reached skill level 12 in Stealth
  6757 | D:8      | Reached XP level 11. HP: 93/104 MP: 11/11
  7262 | D:8      | Reached skill level 13 in Stealth
  7553 | D:9      | Found a flagged portal.
  7558 | Bailey   | Entered a bailey
  7950 | Bailey   | Noticed an orc knight
  7950 | Bailey   | Noticed an orc warlord
  7955 | Bailey   | Reached skill level 10 in Fighting
  7955 | Bailey   | Reached skill level 10 in Short Blades
  7955 | Bailey   | Reached skill level 14 in Stealth
  7955 | Bailey   | Reached XP level 12. HP: 116/116 MP: 12/12
  7997 | Bailey   | Killed an orc warlord
  7998 | Bailey   | Reached skill level 15 in Stealth
  8107 | Bailey   | Reached skill level 16 in Stealth
  8107 | Bailey   | Gained mutation: You can use your snake-like lower body to
                  | constrict enemies. [Naga growth]
  8107 | Bailey   | Reached XP level 13. HP: 127/127 MP: 13/13
  8346 | D:9      | Found an ornate altar of the Wu Jian Council.
  8921 | D:10     | Entered Level 10 of the Dungeon
  8922 | D:10     | Noticed Maggie
  8937 | D:10     | Killed Maggie
  9060 | D:10     | Identified the +0 trident "Secret Weapon" {freeze, rPois
                  | rC- MP+9 Int+7}
  9146 | D:10     | Found Menodgh's Armour Emporium.
  9148 | D:10     | Found a staircase to the Orcish Mines.
  9151 | D:10     | Found Eteof's Weapon Emporium.
  9247 | D:10     | Noticed Fannar
  9274 | D:10     | Killed Fannar
  9320 | D:10     | Found a staircase to the Lair.
  9370 | D:10     | Reached skill level 17 in Stealth
  9552 | D:10     | Reached XP level 14. HP: 130/136 MP: 14/14
  9583 | D:10     | Noticed Erica
  9604 | D:10     | Killed Erica
 10105 | Lair:1   | Entered Level 1 of the Lair of Beasts
 10107 | Lair:1   | Reached skill level 10 in Dodging
 10151 | Lair:1   | Noticed Nergalle
 10165 | Lair:1   | Killed Nergalle
 10899 | Lair:2   | Found a staircase to the Swamp.
 11306 | Lair:2   | Reached skill level 18 in Stealth
 11460 | D:4      | Bought the amulet of the Four Winds {rN+ Will+++ Clar} for
                  | 667 gold pieces
 11460 | D:4      | Found the amulet of the Four Winds {rN+ Will+++ Clar}
 12007 | Lair:3   | Found a frozen archway.
 12012 | IceCv    | Entered an ice cave
 12649 | IceCv    | Noticed a reaper
 12663 | IceCv    | Slain by a reaper

Illustrated notes

Levels and vault maps discovered:
D:1:      minmay_arrival_checkered_box, layout_basic,
          chequers_ecumenical_altar_lobes
D:2:      layout_basic, basic_altar, serial_shops, shop, minmay_hedge_maze
D:3:      layout_rooms, nzn_hepliaklqana_mist_gate
D:4:      layout_basic, serial_shops, nicolae_lakefront_shop,
          uniq_crazy_yiuf_cottage
D:5:      layout_loops_ring, serial_shops, kennysheep_little_box, minivault_27,
          uniq_blork_the_orc, uniq_eustachio
D:6:      layout_gridville, minmay_temple_entry_wispy,
          chequers_serial_rivers_small_b, hangedman_abyss_or_decor_lesser_grid,
          minmay_hollow_rounded_squares, uniq_duvessa
D:7:      layout_rooms
D:8:      kennysheep_six_static_rooms, layout_rooms, kennysheep_kite_vault
D:9:      layout_basic, mainiacjoe_overflow_concentric_impassable,
          enter_bailey_2, kb_lookout_dungeons_type
D:10:     layout_basic, minmay_lair_entry_grove, orc_david_3, uniq_fannar,
          uniq_erica, uniq_maggie
Lair:1:   layout_big_grid, uniq_nergalle
Lair:2:   layout_regular_city, minmay_swamp_entry_reptiles,
          cheibrodos_lair_reptile_den, lemuel_fruit_fields, grunt_megastairs_3,
          serial_bayou_shore_a
Lair:3:   layout_cave_pods, spider_nest_entry_a,
          portal_ice_cave_entry_pillars_1, grunt_megastairs_5
IceCv:    ice_cave_caverns_01

Skill      XL: |  1  2  3  4  5  6  7  8  9 10 11 12 13 14 |
---------------+-------------------------------------------+-----
Stealth        | 4 5 7 8 10 12 14 16 17 18 | 18.1
Dodging        | 3 4 5 6 7 8 9 10 | 10.5
Fighting       | 4 5 6 7 8 10 11 12 | 12.4
Short Blades   | 4 5 6 7 8 10 11 12 | 12.3
Shields        | 1 2 |  2.0
Armour         | 2 |  2.0

Action                   |  1- 3 |  4- 6 |  7- 9 | 10-12 | 13-15 || total
-------------------------+-------+-------+-------+-------+-------++-------
Melee: Short sword       |    52 |       |       |       |       ||    52
       Punch             |     2 |       |       |       |       ||     2
       Dagger            |    20 |   108 |   333 |   779 |   848 ||  2088
       Scimitar          |       |       |       |     7 |       ||     7
       Constrict         |       |       |       |       |   112 ||   112
Throw: Dart              |       |       |       |     1 |     1 ||     2
 Abil: Spit Poison       |    40 |    20 |    21 |     9 |     6 ||    96
Evoke: Wand              |       |       |       |    14 |       ||    14
  Use: Potion            |     1 |     1 |     1 |    11 |     2 ||    16
       Scroll            |     3 |     2 |       |    17 |     9 ||    31
 Stab: Distracted        |     1 |       |       |     1 |     1 ||     3
       Sleeping          |       |     5 |    11 |     6 |    26 ||    48
       Invisible         |       |     1 |       |       |       ||     1
Armor: Robe              |    16 |    12 |    17 |       |    19 ||    64
       Leather armour    |       |       |   123 |   211 |   262 ||   596
Dodge: Dodged            |    33 |    63 |   138 |   357 |   520 ||  1111
Block: Buckler           |     2 |    32 |    78 |   170 |   213 ||   495
